 Dungeon Crawl Stone Soup version 0.23.2-1-ga50397a6bc (webtiles) character file.

Game seed: 13170934393598568211

92 Acheron the Ruffian (level 4, -2/38 (39) HPs)
             Began as a Ghoul Monk on Apr 29, 2019.
             Slain by an ooze (3 damage)
             ... on level 3 of the Dungeon.
             The game lasted 00:10:00 (1410 turns).

Acheron the Ruffian (Ghoul Monk)                    Turns: 1410, Time: 00:10:01

HP:   -2/38 (39)    AC:  4    Str: 14    XL:     4   Next: 60%
MP:   3/3           EV: 12    Int:  5    God:
Gold: 189           SH:  0    Dex: 12    Spells: 3/3 levels left

rFire    . . .     SeeInvis .     - Unarmed
rCold    + . .     Gourm    .   (no shield)
rNeg     + + +     Faith    .   k - +0 leather armour
rPois    ∞         Spirit   .   (no helmet)
rElec    .         Reflect  .   (no cloak)
rCorr    .         Harm     .   (no gloves)
MR       .....                  m - +0 pair of boots
Stlth    ++........             (no amulet)
HPRegen  0.00/turn              (no ring)
MPRegen  0.08/turn              (no ring)

@: rotting
A: rotting body, claws 1, carnivore, cold resistance 1, negative energy
resistance 3, inhibited regeneration, torment resistance, unbreathing
a: no special abilities


You were on level 3 of the Dungeon.
You were not hungry.

You visited 1 branch of the dungeon, and saw 3 of its levels.

You collected 189 gold pieces.

Inventory:

Hand Weapons
 f - a +0 dagger
 h - a +5 mace
Missiles
 e - 34 stones (quivered)
 g - 5 tomahawks
 j - 38 arrows
Armour
 a - a +0 robe
 k - a +0 leather armour (worn)
 l - a +0 scale mail
 m - a +0 pair of boots (worn)
Scrolls
 c - 2 scrolls of remove curse
 d - a scroll of enchant armour {unknown}
Comestibles
 b - 7 rations
 n - 8 chunks of flesh


   Skills:
 + Level 3.6 Fighting
 + Level 0.6 Armour
 + Level 3.2 Dodging
 * Level 3.2 Stealth
 + Level 4.3 Unarmed Combat


You had 3 spell levels left.
You didn't know any spells.
Your spell library was empty.

Dungeon Overview and Level Annotations

Branches:
Dungeon (3/15)

Altars:
Dithmenos
Sif Muna
Xom
The Shining One

Annotations:
D:2 exclusion: downstairs
D:3 Grinder


Innate Abilities, Weirdness & Mutations

Your body is rotting away.
You thrive on raw meat.
You are immune to poison.
You have sharp fingernails.
You are carnivorous and can eat meat at any time.
Your flesh is cold resistant. (rC+)
You are immune to negative energy. (rN+++)
You do not regenerate when monsters are visible.
You are immune to unholy pain and torment.
You can survive without breathing.


Message History

You see here a stone.
The ooze quivers.
Grinder blinks!
The gnoll throws a stone.
The stone misses you.
You see here a stone.
The gnoll shouts!
The gnoll throws a throwing net.
The throwing net hits you.
You become entangled in the net!
You see here a throwing net.
You tear a large gash into the net.
The orc hits you with a +0 short sword.
* * * LOW HITPOINT WARNING * * *
The ooze hits you.
* * * LOW HITPOINT WARNING * * *
You shred the net and break free!
The goblin shouts!
The gnoll misses you.
The gnoll throws a throwing net.
The throwing net misses you. The ooze closely misses you.
The gnoll barely misses you. x2; The gnoll throws a stone.
The stone hits you.
* * * LOW HITPOINT WARNING * * *
The ooze hits you.
You die...

.. #.####...## # ....
..##.........## #.. .[..
...#...##.g...####.... ....
...................... ....
#.#..#.....g...# ....
#......#...#.#.# ....
##.#..oog..#.#.# ....
######.....ooJ#gg...#### #...
#.........(##(@........# #...
###..........#######.....########
.............# ###......### #
.........)...# #........###
.......).....# #......#....
.......§.....# ######..#####
.............# ###_# #.######
...........†.##8...8...8##.......
..........(.(##.........##.####..


You could see an orc wizard, 4 gnolls, an ooze and 3 orcs.

Vanquished Creatures
  An orc priest (D:3)
  An adder (D:3)
  3 dart slugs
  2 leopard geckos
  An orc (D:3)
  3 giant cockroaches
  2 goblins
  7 hobgoblins
  2 jackals
  7 kobolds
  A ball python (D:2)
  6 bats
  3 frilled lizards (D:1)
  4 rats
43 creatures vanquished.

Notes
Turn   | Place    | Note
-------+----------+-------------------------------------------
     0 | D:1      | Acheron the Ghoul Monk began the quest for the Orb.
     0 | D:1      | Reached XP level 1. HP: 19/19 MP: 0/0
   221 | D:1      | Reached XP level 2. HP: 20/26 MP: 1/1
   494 | D:2      | Found a shimmering altar of Xom.
   508 | D:2      | Reached XP level 3. HP: 15/31 MP: 2/2
   646 | D:2      | Found a deep blue altar of Sif Muna.
   898 | D:2      | Reached skill level 4 in Unarmed Combat
   933 | D:3      | Noticed Grinder
  1263 | D:3      | Reached XP level 4. HP: 39/39 MP: 3/3
  1349 | D:3      | Found a shadowy altar of Dithmenos.
  1351 | D:3      | Found a glowing golden altar of the Shining One.
  1410 | D:3      | HP: 1/38 [gnoll/stone (2)]
  1410 | D:3      | Slain by an ooze

Skill      XL: |  1  2  3 |
---------------+----------+-----
Dodging        | 3 |  3.2
Unarmed Combat | 4 |  4.3
Stealth        | 3 |  3.2
Fighting       | |  3.6
Armour         | |  0.6

Action                   |  1- 3 |  4- 6 || total
-------------------------+-------+-------++-------
Melee: Unarmed           |   117 |    16 ||   133
       Punch             |     1 |       ||     1
  Use: Scroll            |     6 |       ||     6
 Stab: Sleeping          |     5 |       ||     5
  Eat: Chunk             |    23 |       ||    23
Armor: Robe              |     6 |       ||     6
       Leather armour    |    28 |     2 ||    30
Dodge: Dodged            |   103 |    17 ||   120
